 Dungeon Crawl Stone Soup version 0.30.1-11-g7821555f0a (webtiles) character file.

Game seed: 10749551534478746873

5987 Ivernyr the Cruncher (level 11, 0/80 HPs)
             Began as a Formicid Fighter on Dec 13, 2023.
             Was a Follower of Wu Jian.
             Slain by a wolf spider (8 damage)
             ... on level 12 of the Dungeon.
             The game lasted 00:22:47 (8815 turns).

Ivernyr the Cruncher (Formicid Fighter)             Turns: 8815, Time: 00:22:48

Health: 0/80       AC:  7    Str: 32    XL:     11   Next: 10%
Magic:  0/11       EV: 11    Int:  7    God:    Wu Jian [*.....]
Gold:   427        SH:  5    Dex: 13    Spells: 10/10 levels left

rFire   . . .        a - +0 quarterstaff
rCold   . . .        c - +0 buckler
rNeg    . . .        b - +0 scale mail
rPois   .            (helmet unavailable)
rElec   .            (no cloak)
rCorr   .            (no gloves)
SInv    +            (no boots)
Will    +....        n - amulet of guardian spirit Stlth
                     f - +6 ring of strength
HPRegen 0.33/turn    (no ring)
MPRegen 0.12/turn

%: guardian spirit
@: no status effects
A: permanent stasis, dig shafts and tunnels, antennae 3, four strong arms
a: Dig, Shaft Self, Renounce Religion


You were on level 12 of the Dungeon.
You worshipped Wu Jian.
Wu Jian was aware of your devotion.
You visited 2 branches of the dungeon, and saw 11 of its levels.
You also visited: Ossuary and Bailey.

You collected 427 gold pieces.

Inventory:

Hand Weapons
 a - a +0 quarterstaff (weapon)
Missiles
 l - 2 throwing nets
Armour
 b - a +0 scale mail (worn)
 c - a +0 buckler (worn)
Jewellery
 f - a +6 ring of strength (left hand)
 n - an amulet of guardian spirit (around neck)
 C - a +6 ring of intelligence
 H - an amulet of faith
Wands
 t - a wand of mindburst (10)
 x - a wand of light (11)
 K - a wand of digging (3)
 L - a wand of paralysis (16)
 M - a wand of iceblast (8)
 O - a wand of flame (8)
Scrolls
 h - a scroll of enchant armour {unknown}
 k - 2 scrolls of teleportation {unknown}
 m - 2 scrolls of fog {unknown}
 o - 4 scrolls of amnesia {unknown}
 q - a scroll of blinking {unknown}
 r - 3 scrolls of immolation {unknown}
 s - a scroll of butterflies {unknown}
 w - 2 scrolls of vulnerability {unknown}
 y - 7 scrolls of identify {unknown}
 B - 2 scrolls of fear {unknown}
 D - a scroll of acquirement {unknown}
 E - a scroll of magic mapping {unknown}
 I - 2 scrolls of enchant weapon {unknown}
 N - a scroll of noise {unknown}
Potions
 d - a potion of might
 e - 3 potions of brilliance
 g - 2 potions of invisibility {unknown}
 i - 4 potions of curing
 j - 2 potions of haste {unknown}
 p - 4 potions of flight {unknown}
 u - 2 potions of magic {unknown}
 v - 5 potions of heal wounds {unknown}
 z - 2 potions of mutation {unknown}
 A - 2 potions of lignification {unknown}
 F - 6 potions of degeneration {unknown}
 G - a potion of attraction {unknown}
 J - 3 potions of cancellation {unknown}


   Skills:
 + Level 5.3 Fighting
 - Level 14.0 Staves
 + Level 5.3 Armour
 + Level 3.2 Dodging
 + Level 6.4 Shields


You had 10 spell levels left.
You didn't know any spells.
Your spell library contained the following spells:

 Spells                   Type           Power      Damage    Failure   Level
 Apportation              Tloc           0%         N/A       69%         1
 Necrotise                Necr           0%         1d4       69%         1
 Shock                    Conj/Air       0%         1d3       69%         1
 Summon Small Mammal      Summ           0%         N/A       69%         1
 Scorch                   Fire           0%         2d5       83%         2
 Static Discharge         Conj/Air       0%         2-2/arc   83%         2
 Stone Arrow              Conj/Erth      0%         3d7       96%         3
 Vampiric Draining        Necr           0%         2d6       96%         3
 Airstrike                Air            0%         2d(0-16)  100%        4
 Animate Armour           Summ/Erth      0%         N/A       100%        4
 Passage of Golubria      Tloc           0%         N/A       100%        4
 Summon Lightning Spire   Summ/Air       0%         N/A       100%        4
 Agony                    Necr           0%         N/A       100%        5
 Arcjolt                  Conj/Air       0%         1d10      100%        5
 Silence                  Hex/Air        0%         N/A       100%        5
 Plasma Beam              Fire/Air       0%         2x1d11    100%        6
 Lehudib's Crystal Spear  Conj/Erth      0%         10d2      100%        8
 Swiftness                Air            Unusable   N/A       N/A         3
 Vhi's Electric Charge    Tloc/Air       Unusable   N/A       N/A         3

Dungeon Overview and Level Annotations

Branches:
Dungeon (9/15)             Temple (1/1) D:7         Ossuary (visited)
 Bailey (visited)
   Lair: D:8-11         Orc: D:9-12

Altars:
Dithmenos
Hepliaklqana
Makhleb
Okawaru
Qazlal
Ru
Trog
Uskayaw
Vehumet
Wu Jian
Xom
Yredelemnul

Shops:
D:3 :


Innate Abilities, Weirdness & Mutations

You cannot be hasted, slowed, berserked, paralysed or teleported.
You can dig through walls and to a lower floor.
You have a pair of large antennae on your head. (SInv)
Your four strong arms can wield two-handed weapons with a shield.


Message History

You open the door.
Found a short sword.
There is an open door here.
You open the door.
You sense a monster nearby.
You sense a monster nearby.
There is an open door here.
You open the door. 4 vampire mosquitoes and a wolf spider come into view.
The vampire mosquito buzzes angrily. x4; The wolf spider's many legs skitter.
Found a quarterstaff.
Found a stone staircase leading up.
You barely miss the vampire mosquito. The vampire mosquito bites you.
The vampire mosquito draws strength from your injuries!
There is an open door here.
You lunge at the wolf spider.
You completely miss the wolf spider. The wolf spider hits you!!
The wolf spider bites you.
You are poisoned.
The wolf spider poisons you! The wolf spider misses you.
The wolf spider bites you but does no damage.
You closely miss the wolf spider.
You feel very sick. The wolf spider hits you.
The wolf spider barely misses you.
You sock the wolf spider!
The wolf spider is moderately wounded.
You feel very sick. The wolf spider hits you!! The wolf spider bites you.
You barely miss the wolf spider.
The wolf spider is moderately wounded.
You feel very sick. The wolf spider hits you!
* * * LOW HITPOINT WARNING * * *
The wolf spider barely misses you.
You feel better. The wolf spider closely misses you. The wolf spider bites you!
* * * LOW HITPOINT WARNING * * *
You hit the wolf spider but do no damage.
The wolf spider is moderately wounded.
The wolf spider hits you!
* * * LOW HITPOINT WARNING * * *
The wolf spider bites you!
You die...

####.#
#####'######
#..........#
+..........#
#..........#
#.........)#
#..........#
######'#####
#@# ##s#
#yy# #y##
... .....
......#
#....<.#
#..)...#


You could see a wolf spider and 3 vampire mosquitoes.

Vanquished Creatures
  Gastronok (D:8)
  A cyclops (D:12)
  Maggie (D:8)
  A hornet (D:8)
  Sigmund (D:5)
  6 yaks
  A wraith (Ossuary)
  4 water moccasins
  An acid dragon (D:12)
  Duvessa (D:5)
  A sky beast (D:6)
  3 black bears
  An ice beast (D:6)
  An ogre (D:5)
  2 centaurs
  A phantom (D:6)
  3 kobold brigands
  2 bullfrogs
  5 scorpions
  Dowan (D:5)
  3 hounds
  A gnoll bouda (D:5)
  4 orc priests
  2 iguanas
  2 sleepcaps
  Natasha (thrice) (D:4)
  4 orc wizards
  3 mummies (Ossuary)
  7 adders
  6 gnolls
  A white imp (D:6)
  34 orcs
  6 ball pythons
  4 bats
  5 endoplasms
  4 giant cockroaches
  11 goblins
  5 hobgoblins
  3 quokkas
  3 frilled lizards (D:2)
  3 goblin zombies (Ossuary)
  4 hobgoblin zombies (Ossuary)
  14 kobolds
  3 kobold zombies (Ossuary)
  An orc zombie (Ossuary)
  3 rats
177 creatures vanquished.

Vanquished Creatures (others)
  A kobold (D:8)
1 creature vanquished.

Grand Total: 178 creatures vanquished

Notes
Turn   | Place    | Note
-------+----------+-------------------------------------------
     0 | D:1      | Ivernyr the Formicid Fighter began the quest for the Orb.
     0 | D:1      | Reached XP level 1. HP: 18/18 MP: 1/1
   162 | D:1      | Reached XP level 2. HP: 24/24 MP: 2/2
   636 | D:2      | Reached skill level 3 in Staves
   877 | D:2      | Reached XP level 3. HP: 27/29 MP: 3/3
  1069 | D:2      | Reached skill level 4 in Staves
  1069 | D:2      | Reached XP level 4. HP: 35/35 MP: 4/4
  1367 | D:2      | Found a faded altar of an unknown god.
  1574 | D:3      | Found Seadiez's Vocational Training.
  1761 | D:3      | Reached XP level 5. HP: 10/41 MP: 5/5
  1882 | D:3      | Found a shimmering altar of Xom.
  2140 | D:4      | Reached skill level 5 in Staves
  2200 | D:4      | Noticed a black bear
  2216 | D:4      | HP: 2/41 [black bear (7)]
  2217 | D:4      | Killed a black bear
  2218 | D:4      | Reached XP level 6. HP: 2/47 MP: 6/6
  2417 | D:4      | Reached skill level 6 in Staves
  2719 | D:4      | Noticed Natasha
  2729 | D:4      | Killed Natasha
  2780 | D:4      | Noticed Natasha
  2788 | D:4      | Killed Natasha
  3007 | D:4      | Noticed Natasha
  3012 | D:4      | Killed Natasha
  3013 | D:4      | Reached XP level 7. HP: 34/52 MP: 4/7
  3101 | D:5      | Entered Level 5 of the Dungeon
  3114 | D:5      | Reached skill level 7 in Staves
  3271 | D:5      | Noticed Sigmund
  3290 | D:5      | Killed Sigmund
  3291 | D:5      | Reached skill level 8 in Staves
  3421 | D:5      | Reached XP level 8. HP: 58/58 MP: 8/8
  3601 | D:5      | Noticed Dowan
  3602 | D:5      | Noticed Duvessa
  3616 | D:5      | Killed Duvessa
  3617 | D:5      | Reached skill level 9 in Staves
  3621 | D:5      | Killed Dowan
  3914 | D:5      | Reached skill level 10 in Staves
  4630 | D:6      | Found a sand-covered staircase.
  4653 | Ossuary  | Entered an ossuary
  4653 | Ossuary  | Noticed a wraith
  4653 | Ossuary  | Noticed a wraith
  4653 | Ossuary  | Noticed a wraith
  4699 | Ossuary  | Reached XP level 9. HP: 64/64 MP: 9/9
  5050 | Ossuary  | Reached skill level 11 in Staves
  5384 | D:6      | Identified the +3 leather armour "Peysup" {rF+ rCorr}
  5483 | D:6      | Reached skill level 12 in Staves
  5836 | D:6      | Got the Compilation of Volcanic Embers
  6065 | D:7      | Found a staircase to the Ecumenical Temple.
  6074 | Temple   | Entered the Ecumenical Temple
  6082 | Temple   | Became a worshipper of the Wu Jian Council
  6207 | D:7      | Found a flagged portal.
  6215 | Bailey   | Entered a bailey
  6977 | D:8      | Noticed Gastronok
  6993 | D:8      | Killed Gastronok
  6994 | D:8      | Reached skill level 14 in Staves
  6994 | D:8      | Reached XP level 10. HP: 29/70 MP: 3/10
  7213 | D:8      | Reached skill level 1 in Dodging
  7219 | D:8      | Reached * piety under Wu Jian
  7441 | D:7      | Reached skill level 5 in Shields
  7644 | D:8      | Noticed Maggie
  7664 | D:8      | Killed Maggie
  8462 | D:9      | Reached skill level 5 in Armour
  8462 | D:9      | Reached XP level 11. HP: 72/78 MP: 11/11
  8554 | D:9      | Reached skill level 5 in Fighting
  8626 | D:9      | You fall into a shaft and drop 3 floors!
  8665 | D:12     | Noticed a cyclops
  8682 | D:12     | Killed a cyclops
  8805 | D:12     | Noticed a wolf spider
  8815 | D:12     | Slain by a wolf spider

Illustrated notes

Levels and vault maps discovered:
D:1:      dpeg_arrival_tiny_i, layout_loops_ring
D:2:      layout_loops_ring, hellmonk_ecumenical_altar_leap_of_faith
D:3:      layout_loops_ring, mainiacjoe_overflow_alcove_1,
          nicolae_shop_vocational
D:4:      layout_rooms, uniq_natasha
D:5:      layout_basic, uniq_sigmund, uniq_duvessa
D:6:      layout_cave_pods, lightli_ossuary_entry_decrepit_ruins
D:7:      layout_gridville, minmay_temple_entry_slanted, enter_bailey_2
D:8:      layout_gridville, uniq_gastronok, uniq_maggie
D:9:      layout_cave_pools, fedhas_ov_isle_minmay,
          mainiacjoe_overflow_two_lobes, nicolae_looking_at_the_future,
          uniq_joseph, uniq_maurice
D:12:     layout_roguey, serial_glass, glass_columns_b, glass_columns_a
Temple:   compressed_dpeg_triangle_lava_temple

Skill      XL: |  1  2  3  4  5  6  7  8  9 10 11 |
---------------+----------------------------------+-----
Staves         | 3 4 5 6 8 10 14 | 14.0
Dodging        | 2 3 |  3.2
Fighting       | 4 5 |  5.3
Armour         | 5 |  5.3
Shields        | 6 |  6.4

Action                     |  1- 3 |  4- 6 |  7- 9 | 10-12 || total
---------------------------+-------+-------+-------+-------++-------
  Melee: Quarterstaff      |    48 |   163 |   305 |   149 ||   665
Ability: Lunge             |       |       |     7 |     4 ||    11
         Whirlwind         |       |       |       |    10 ||    10
    Use: Potion            |       |       |     2 |     3 ||     5
 Armour: Scale mail        |    19 |    56 |    65 |    20 ||   160
  Dodge: Dodged            |    14 |    83 |   111 |    47 ||   255
  Block: Buckler           |     6 |    33 |    65 |    18 ||   122
